 Dungeon Crawl Stone Soup version 0.21-a0-405-gf2af9a1 (webtiles) character file.

72 Meenos the Ruffian (level 4, 0/40 HPs)
             Began as a Ghoul Monk on Nov 1, 2017.
             Slain by Grinder (8 damage)
             ... on level 4 of the Dungeon.
             The game lasted 00:47:02 (1453 turns).

Meenos the Ruffian (Ghoul Monk)                     Turns: 1453, Time: 00:47:03

Health: 0/40       AC:  3    Str: 14    XL:     4   Next: 25%
Magic:  3/3        EV: 13    Int:  5    God:
Gold:   40         SH:  0    Dex: 12    Spells: 3/3 levels left

rFire    . . .     SeeInvis .   m - +0 dagger (venom)
rCold    + . .     Gourm    .   (no shield)
rNeg     + + +     Faith    .   a - +0 robe
rPois    ∞         Spirit   .   (no helmet)
rElec    .         Reflect  .   (no cloak)
rCorr    .         Harm     .   (no gloves)
MR       .....                  e - +0 pair of boots
Stlth    +++.......             (no amulet)
HPRegen  0.00/turn              p - ring of stealth
MPRegen  0.08/turn              (no ring)

@: flying, rotting
A: rotting body, claws 1, carnivore 3, cold resistance 1, negative energy
resistance 3, inhibited regeneration, torment resistance, unbreathing
a: no special abilities


You were on level 4 of the Dungeon.
You were not hungry.

You visited 1 branch of the dungeon, and saw 3 of its levels.

You collected 40 gold pieces.

Inventory:

Hand Weapons
 l - a +0 whip
 m - a +0 dagger of venom (weapon)
Missiles
 h - 25 arrows
 i - 17 poisoned needles
Armour
 a - a +0 robe (worn)
 e - a +0 pair of boots (worn)
Jewellery
 p - a ring of stealth (left claw)
Scrolls
 g - a scroll of teleportation
 j - a scroll of enchant weapon {unknown}
 k - a scroll of magic mapping {unknown}
 q - a scroll of blinking {unknown}
Potions
 n - 2 potions of curing
Comestibles
 b - 2 meat rations
 o - a royal jelly
 r - a bread ration


   Skills:
 + Level 3.7 Fighting
 * Level 0.3 Short Blades
 - Level 3.0 Dodging
 * Level 3.1 Stealth
 + Level 4.2 Unarmed Combat


You had 3 spell levels left.
You didn't know any spells.

Dungeon Overview and Level Annotations

Branches:
Dungeon (4/15)
 Temple: D:4-7

Altars:
Ru

Annotations:
D:4 Grinder


Innate Abilities, Weirdness & Mutations

Your body is rotting away.
You thrive on raw meat.
You are immune to poison.
You have sharp fingernails.
You are carnivorous and can eat meat at any time.
Your flesh is cold resistant. (rC+)
You are immune to negative energy. (rN+++)
You do not regenerate when monsters are visible.
You are immune to unholy pain and torment.
You can survive without breathing.


Message History

You hit Grinder but do no damage.
Grinder is poisoned.
Grinder is lightly wounded.
Grinder hits you.
* * * LOW HITPOINT WARNING * * *
As you read the scroll labeled LALAVONOMI, it crumbles to dust.
You feel as if something is helping you.
It was a scroll of remove curse.
Grinder gestures at you. You resist with significant effort.
As you read the scroll labeled IFYIMA LEFEOM, it crumbles to dust.
It is a scroll of identify.
g - a scroll of teleportation Grinder closely misses you.
You completely miss Grinder.
Grinder is lightly wounded.
Grinder completely misses you.
You hit Grinder but do no damage.
Grinder is lightly wounded.
Grinder hits you!
You die...

#..........##.
#........)...
##.........###
##.....##..#
######.####
... #.......#
..
#.......##.#
#.?......<.#
#...@5..####
#.......#
#.......#
#########


You could see Grinder.

Vanquished Creatures
  A worker ant (D:4)
  An ooze (D:1)
  A dart slug (D:1)
  A leopard gecko (D:1)
  A ball python (D:1)
  A giant cockroach (D:2)
  3 goblins
  7 hobgoblins
  4 jackals (D:2)
  5 bats
  3 frilled lizards
  3 kobolds
  6 rats
37 creatures vanquished.

Notes
Turn   | Place    | Note
-------+----------+-------------------------------------------
     0 | D:1      | Meenos the Ghoul Monk began the quest for the Orb.
     0 | D:1      | Reached XP level 1. HP: 19/19 MP: 0/0
   248 | D:1      | Reached XP level 2. HP: 21/24 MP: 1/1
   519 | D:1      | Reached XP level 3. HP: 28/31 MP: 2/2
  1315 | D:2      | Reached skill level 4 in Unarmed Combat
  1397 | D:2      | You fall through a shaft for 2 floors!
  1410 | D:4      | Found a sacrificial altar of Ru.
  1419 | D:4      | Reached XP level 4. HP: 27/34 MP: 3/3
  1434 | D:4      | Noticed Grinder
  1437 | D:4      | Paralysed by Grinder for 3 turns
  1453 | D:4      | Slain by Grinder

Vault maps used:
D:1:      saegor_arrival_simple_a
D:4:      overflow_temple_1_default, first_bread, hangedman_glass_teeth,
          uniq_blork_the_orc, uniq_ijyb, uniq_grinder

Skill      XL: |  1  2  3 |
---------------+----------+-----
Dodging        | 3 |  3.0
Unarmed Combat | 4 |  4.2
Stealth        | 3 |  3.1
Fighting       | |  3.7
Short Blades   | |  0.3

Action                   |  1- 3 |  4- 6 || total
-------------------------+-------+-------++-------
Melee: Unarmed           |    67 |       ||    67
       Dagger            |    31 |     8 ||    39
       Punch             |     3 |       ||     3
  Use: Scroll            |       |     2 ||     2
       Potion            |       |     2 ||     2
 Stab: Sleeping          |     6 |       ||     6
       Distracted        |     2 |       ||     2
  Eat: Meat ration       |     1 |       ||     1
Armor: Robe              |    19 |       ||    19
Dodge: Dodged            |    59 |     6 ||    65

Table legend:
 A = Spawn XP
 B = Non-spawn XP
 C = Spawn XP percentage of total XP
 D = Spawn monster count
 E = Non-spawn monster count
 F = Spawn count percentage of total count
 G = Total turns spent on level
                    A         B        C        D         E        F      G
               +---------+---------+-------+---------+---------+-------+---------
         Total |       0 |     103 |   0.0 |       0 |      37 |   0.0 |  1453
               +---------+---------+-------+---------+---------+-------+---------
           D:1 |       0 |      47 |   0.0 |       0 |      24 |   0.0 |  1091
           D:2 |       0 |      21 |   0.0 |       0 |      11 |   0.0 |   306
           D:4 |       0 |      35 |   0.0 |       0 |       2 |   0.0 |    56
               +---------+---------+-------+---------+---------+-------+---------
